AoeStats
← Zuil

Fortress

509703977Analyzed
3v3 RM · 4d ago on Sep 27, 2026· 39m 19s· 6 players
Game mode
Random Map
Map size
Large (8 player)
Population
200
Speed
Normal
Resources
Standard
Victory
Conquest
Starting age
Dark Age
Ending age
Imperial Age
RankedLock teamsTeams togetherTeam positionsShared explorationLock speedFull tech treeHidden civsTurbo modeCheats
Victory
Defeat
🇪🇨 Chinese · Ecuador
1287
+12
🇻🇪 Byzantines · Venezuela
1276
+13
🇨🇱 Celts · Chile
1262
+13
🇮🇪 Gurjaras · Ireland
1224
-13
🇩🇪 Italians · Germany
1206
-13
🇬🇧 Bohemians · United Kingdom
1173
-12
TheBlackStuff
7:38 Feudal Age
11:22 Castle Age
9:26 Double-Bit Axe
9:54 Horse Collar
12:18 Heavy Plow
18:43 Wheelbarrow
21:53 Bow Saw
27:55 Imperial Age
26:07 Scale Barding Armor
26:54 Hand Cart
26:25 Loom
27:14 Bloodlines
27:04 Husbandry
27:27 Chain Barding Armor
27:18 Forging
29:02 Ballistics
29:43 Chemistry
30:41 Iron Casting
29:29 Light Cavalry
Waldmann
3:11 Loom
6:44 Feudal Age
12:06 Castle Age
11:14 Horse Collar
11:23 Double-Bit Axe
13:36 Heavy Plow
13:58 Bow Saw
15:56 Heavy Plow
21:16 Fletching
21:27 Padded Archer Armor
21:34 Squires
22:29 Wheelbarrow
27:28 Imperial Age
24:55 Bodkin Arrow
25:15 Leather Archer Armor
25:18 Hand Cart
27:32 Gold Mining
27:33 Stone Mining
28:39 Scale Mail Armor
28:50 Forging
28:41 Bracer
30:14 Chain Mail Armor
30:50 Arson
31:28 Conscription
31:47 Iron Casting
32:13 Ballistics
34:28 Plate Mail Armor
37:22 Leather Archer Armor
38:09 Blast Furnace
36:43 Elite Genoese Crossbowman
37:59 Hoardings
38:11 Leather Archer Armor
Muffin
4:36 Loom
7:14 Feudal Age
9:03 Double-Bit Axe
11:49 Castle Age
9:51 Horse Collar
13:14 Bow Saw
17:49 Fletching
19:49 Loom
20:13 Bodkin Arrow
24:20 Wheelbarrow
25:16 Padded Archer Armor
27:26 Hand Cart
32:35 Imperial Age
32:01 Chemistry
MettatostonRay
1:22 Loom
8:11 Feudal Age
11:46 Castle Age
9:55 Double-Bit Axe
12:37 Fletching
13:19 Bodkin Arrow
20:49 Bow Saw
22:00 Wheelbarrow
21:12 Town Watch
23:07 Hand Cart
23:59 Ballistics
24:44 Horse Collar
26:17 Padded Archer Armor
30:24 Imperial Age
28:50 Fortified Wall
30:15 Masonry
30:37 Heavy Plow
31:05 Leather Archer Armor
31:41 Rocketry
31:41 Conscription
32:23 Chemistry
31:31 Bracer
32:26 Elite Chu Ko Nu
36:16 Gold Mining
39:02 Gold Shaft Mining
38:18 Stone Mining
Zuil
8:54 Feudal Age
9:52 Loom
10:03 Double-Bit Axe
10:10 Gold Mining
12:39 Castle Age
12:11 Fletching
12:22 Padded Archer Armor
12:31 Horse Collar
13:35 Bow Saw
13:34 Bodkin Arrow
13:55 Leather Archer Armor
18:22 Pikeman
19:15 Scale Mail Armor
19:37 Squires
22:18 Wheelbarrow
22:24 Leather Archer Armor
21:51 Man-at-Arms
22:58 Elite Skirmisher
24:31 Chain Mail Armor
25:12 Thumb Ring
25:42 Ballistics
26:10 Forging
26:01 Treadmill Crane
28:06 Iron Casting
34:56 Imperial Age
32:44 Hand Cart
36:09 Scale Barding Armor
37:38 Conscription
38:37 Logistica
38:48 Conscription
38:52 Chain Barding Armor
38:34 Husbandry
38:59 Fortified Wall
39:04 Bracer
39:35 Ring Archer Armor
Daralion
8:17 Feudal Age
12:03 Castle Age
9:55 Double-Bit Axe
10:29 Horse Collar
11:09 Loom
12:20 Gold Mining
13:50 Wheelbarrow
14:10 Wheelbarrow
19:30 Hand Cart
22:54 Bow Saw
22:47 Heavy Plow
25:53 Gold Shaft Mining
25:17 Stone Mining
26:58 Hand Cart
26:29 Town Watch
30:24 Forging
30:21 Scale Barding Armor
30:16 Scale Mail Armor
34:16 Imperial Age
34:22 Imperial Age
33:38 Iron Casting
33:18 Chain Mail Armor
33:04 Arson
34:52 Stronghold
36:13 Elite Woad Raider
39:02 Blast Furnace
Connection lost

Rejoining the realm…

Still unreachable

The connection could not be restored.

Session expired

The server has moved on; the page needs a fresh start.